 Dungeon Crawl Stone Soup version 0.26.0-10-g1f06aea511 (webtiles) character file.

Game seed: 8725553414195899124

11 inc the Vexing (level 2, -4/11 HPs)
             Began as a Felid Enchanter on Feb 1, 2021.
             Slain by a kobold
             ... wielding a +0 short sword
              (5 damage)
             ... on level 1 of the Dungeon.
             The game lasted 00:00:41 (1378 turns).

inc the Vexing (Felid Enchanter)                    Turns: 1378, Time: 00:00:41

Health: -4/11      AC:  1    Str:  4    XL:     2   Next: 13%
Magic:  6/6        EV: 18    Int: 16    God:
Gold:   17         SH:  0    Dex: 16    Spells: 4/5 levels left
                                        Lives:  0   Deaths: 0

rFire    . . .     SeeInvis +     - Unarmed
rCold    . . .     Faith    .   (shield unavailable)
rNeg     . . .     Spirit   .   (armour unavailable)
rPois    .         Reflect  .   (helmet unavailable)
rElec    .         Harm     .   (cloak unavailable)
rCorr    .         Rampage  .   (gloves unavailable)
Will     .....                  (boots unavailable)
Stlth    +++.......             (no amulet)
HPRegen  0.03/turn              (no ring)
MPRegen  0.10/turn              (no ring)

@: quick
A: very small, no armour, no weapons or thrown items, stealth, claws 1, fangs 3,
see invisible, speed 1, shaggy fur 1, sharp paws
a: no special abilities


You were on level 1 of the Dungeon.
You visited 1 branch of the dungeon, and saw 1 of its levels.

You collected 17 gold pieces.

Inventory:

Jewellery
 b - an uncursed ring of stealth {unknown}
Scrolls
 a - a scroll of identify {unknown}
Potions
 c - a potion of curing {unknown}


   Skills:
 - Level 2.6 Dodging
 - Level 4.0 Stealth
 + Level 2.2 Unarmed Combat
 - Level 2.0 Spellcasting
 - Level 4.4 Hexes


You had 4 spell levels left.
You knew the following spells:

 Your Spells              Type           Power        Failure   Level
a - Corona                Hex            16%          3%          1

Your spell library contained the following spells:

 Spells                   Type           Power        Failure   Level
 Confusing Touch          Hex            15%          11%         3
 Tukima's Dance           Hex            15%          11%         3
 Ensorcelled Hibernation  Hex/Ice        16%          13%         2
 Dazzling Flash           Conj/Hex       16%          26%         3


Dungeon Overview and Level Annotations

Branches:
Dungeon (1/15)

Altars:


Innate Abilities, Weirdness & Mutations

You cannot wear armour.
You are incapable of wielding weapons or throwing items.
Your paws allow you to move quietly. (Stealth)
You have sharp claws.
You have razor-sharp teeth.
You have supernaturally acute eyesight. (SInv)
You cover ground quickly.
You are covered in fur. (AC +1)
Your sharp claws are effective at attacking unaware monsters.


Message History

A kobold comes into view. It is wielding a +0 short sword.
A kobold is nearby!
A kobold is nearby!
The kobold throws a stone.
The stone barely misses you. The kobold misses you.
You miss the kobold.
The kobold hits you with a +0 short sword.
You scratch the kobold but do no damage.
The kobold completely misses you.
You closely miss the kobold. You barely miss the kobold.
The kobold hits you with a +0 short sword!
Ouch! That really hurt!
* * * LOW HITPOINT WARNING * * *
You are too injured to fight recklessly!
A kobold is nearby!
A kobold is nearby!
You scratch the kobold but do no damage.
The kobold hits you with a +0 short sword.
You die...

###############....#
......(.#..........#
##...##.#.# #......#
##...##...# #......#
##...###..###......###
.....##..>(..........#
.....+..##...........#
.#...#.. #...........#
†+...... +......@....#
.# ..... #.....?.K...#
.##..... ######+######
.##... .# .# ##


You could see a kobold.

Vanquished Creatures
  2 dart slugs (D:1)
  A giant cockroach (D:1)
  2 kobolds (D:1)
  A goblin (D:1)
  A rat (D:1)
7 creatures vanquished.

Notes
Turn   | Place    | Note
-------+----------+-------------------------------------------
     0 | D:1      | inc the Felid Enchanter began the quest for the Orb.
     0 | D:1      | Reached XP level 1. HP: 7/7 MP: 4/4
  1331 | D:1      | Reached XP level 2. HP: 11/11 MP: 6/6
  1378 | D:1      | Slain by a kobold

Illustrated notes

Levels and vault maps discovered:
D:1:      amcnicky_arrival_abandoned_market, layout_basic,
          hangedman_decor_riveting

Skill      XL: |  1 |
---------------+----+-----
Unarmed Combat | 2 |  2.2
Dodging        | |  2.6
Stealth        | |  4.0
Spellcasting   | |  2.0
Hexes          | |  4.4

Action                   || total
-------------------------++-------
Melee: Unarmed           ||    32
       Bite              ||     4
 Stab: Sleeping          ||     2
       Distracted        ||     1
Armor: Skin              ||     2
Dodge: Dodged            ||    17
